 Dungeon Crawl Stone Soup version 0.20-a0-313-g10ed074 (webtiles) character file.

52 Junicave the Unweaver (level 3, -5/29 HPs)
             Began as a Demonspawn Abyssal Knight on Dec 20, 2016.
             Was a Follower of Lugonu.
             Slain by a gnoll
             ... wielding a +0 halberd
              (12 damage)
             ... on level 3 of the Dungeon.
             The game lasted 00:03:13 (1701 turns).

Junicave the Unweaver (Demonspawn Abyssal Knight)   Turns: 1701, Time: 00:03:14

Health: -5/29      AC:  3    Str: 13    XL:     3   Next: 60%
Magic:  5/5        EV: 11    Int: 13    God:    Lugonu [*.....]
Gold:   73         SH:  0    Dex: 12    Spells: 2/2 levels left

rFire  . . .     SeeInvis .     a - +1 falchion
rCold  . . .     Gourm    .     b - +0 leather armour
rNeg   . . .     Faith    .     (no shield)
rPois  .         Spirit   .     (helmet restricted)
rElec  .         Reflect  .     (no cloak)
rCorr  .         Harm     .     (no gloves)
MR     .....                    (no boots)
Stlth  +.........               (no amulet)
                                (no ring)
                                (no ring)

@: no status effects
A: claws 1, horns 1
a: Depart the Abyss, Renounce Religion


You were on level 3 of the Dungeon.
You worshipped Lugonu.
Lugonu was aware of your devotion.
You were not hungry.

You visited 1 branch of the dungeon, and saw 3 of its levels.
You visited the Abyss 1 time.

You collected 73 gold pieces.

Inventory:

Hand Weapons
 a - a +1 falchion (weapon)
Armour
 b - a +0 leather armour (worn)
Scrolls
 j - 3 scrolls of blinking {unknown}
 m - a scroll of random uselessness {unknown}
 n - a scroll of identify {unknown}
 p - a scroll of amnesia {unknown}
 q - a scroll of remove curse {unknown}
Potions
 d - a potion of berserk rage {unknown}
 e - a potion of mutation {unknown}
 f - a potion of brilliance {unknown}
 g - a potion of might {unknown}
 h - a potion of haste {unknown}
 k - 2 potions of curing {unknown}
Comestibles
 c - a bread ration
 i - 2 meat rations
 l - a fruit
 o - a slice of pizza
 r - a chunk of flesh


   Skills:
 + Level 3.2 Fighting
 + Level 2.2 Long Blades
 + Level 2.4 Armour
 + Level 1.4 Dodging
 + Level 3.3 Invocations


You had 2 spell levels left.
You didn't know any spells.

Dungeon Overview and Level Annotations

Branches:
Dungeon (3/15)

Altars:


Innate Abilities, Weirdness & Mutations

You have sharp fingernails.
You have a pair of small horns on your head.


Message History

The orc barely misses you.
You riposte.
You closely miss the orc. The gnoll closely misses you.
You riposte.
You hit the gnoll.
The gnoll is lightly wounded.
You closely miss the gnoll.
The gnoll is lightly wounded.
The orc hits you with a hand axe.
The gnoll hits you from afar with a halberd!
The gnoll barely misses you.
You barely miss the gnoll.
The gnoll is lightly wounded.
The orc closely misses you. The gnoll hits you. The gnoll closely misses you.
You completely miss the gnoll.
The orc shouts!
You headbutt the gnoll.
The gnoll is moderately wounded.
The orc hits you with a hand axe.
* * * LOW HITPOINT WARNING * * *
The gnoll hits you but does no damage.
The gnoll hits you from afar with a halberd!
You die...

..g ... ### ##.. ...
... ###.# ####..
#(..#.# ..... #.# #.#
#####..##@###.#
...o..>gog....#####
......###..........
o.....#...........
o.....#.......###
.o............#######
.....##..............
# ## #.......##.....
#.......# ....


You could see 2 gnolls and 2 orcs.

Vanquished Creatures
  An adder (D:3)
  A worm (D:2)
  A leopard gecko (D:1)
  An orc (D:3)
  A giant cockroach (D:2)
  5 goblins
  6 hobgoblins (D:1)
  7 jackals
  A quokka (D:2)
  2 frilled lizards
  4 kobolds
  2 rats (D:2)
32 creatures vanquished.

Notes
Turn   | Place    | Note
-------+----------+-------------------------------------------
     0 | Abyss:1  | Junicave the Demonspawn Abyssal Knight began the quest for the Orb.
     0 | Abyss:1  | Reached XP level 1. HP: 18/18 MP: 2/2
    46 | Abyss:1  | Found a corrupted altar of Lugonu.
   100 | Abyss:1  | Noticed a tentacled starspawn
   100 | D:1      | Escaped the Abyss
   189 | D:1      | Reached * piety under Lugonu
   328 | D:1      | Reached skill level 1 in Dodging
   350 | D:1      | Gained mutation: You have a pair of small horns on your head. [demonic ancestry]
   350 | D:1      | Reached XP level 2. HP: 21/24 MP: 4/4
  1345 | D:2      | Gained mutation: You have sharp fingernails. [demonic ancestry]
  1345 | D:2      | Reached XP level 3. HP: 29/29 MP: 5/5
  1701 | D:3      | Slain by a gnoll

Vault maps used:
D:1:      dpeg_arrival_fog
D:2:      cheibrodos_greedy_goblins, marbit_many_paths
D:3:      first_bread, elyvilon_altar_1

Skill      XL: |  1  2 |
---------------+-------+-----
Long Blades    | 2 |  2.2
Dodging        | 1 |  1.4
Armour         | 2 |  2.4
Invocations    | 3 |  3.3
Fighting       | |  3.2

Action                   || total
-------------------------++-------
Melee: Falchion          ||    91
       Headbutt          ||    13
Invok: Depart the Abyss  ||     1
  Eat: Chunk             ||     3
Armor: Leather armour    ||    23
Dodge: Dodged            ||    76
       Rpst.: Falchion   ||    17
